NCAA
MISSOURI TIGERS @ NORTH CAROLINA TAR HEELS
05/13/2023
 
TOP OF THE 1ST
Missouri Tigers batting - Pitching for North Carolina Tar Heels : RHP Ed Calhoun
Pitching: RHP Ed Calhoun
Batting: LHB Neil Rodríguez 0-0: Ball
1-0: Called Strike
1-1: Foul Ball, location: 2F
1-2: Foul Ball, location: 2F
1-2: Strikes out looking
Batting: LHB Jim Wallace 0-0: Called Strike
0-1: Swinging Strike
0-2: Foul Ball, location: 2F
0-2: Foul Ball, location: 2F
0-2: Ball
1-2: Fly out, F7 (Flyball, 78D)
Batting: RHB José González 0-0: Foul Ball, location: 2F
0-1: Called Strike
0-2: Ball
1-2: Ball
2-2: Foul Ball, location: 2F
2-2: Foul Ball, location: 2F
2-2: Ball
3-2: Ground out 5-3 (Groundball, 56)
Top of the 1st over - 0 run(s), 0 hit(s), 0 error(s), 0 left on base; Missouri 0 - North Carolina 0
BOTTOM OF THE 1ST
North Carolina Tar Heels batting - Pitching for Missouri Tigers : RHP Rod Day
Pitching: RHP Rod Day
Batting: RHB Mike Shelton 0-0: Ball
1-0: Called Strike
1-1: Swinging Strike
1-2: Ball
2-2: Ball
3-2: Strikes out looking
Batting: LHB Cliff David 0-0: Foul Ball, location: 2F
0-1: Foul Ball, location: 2F
0-2: Fly out, F7 (Flyball, 7LS)
Batting: LHB Vaughn Carter 0-0: Foul Ball, location: 2F
0-1: Ball
1-1: Called Strike
1-2: Foul Ball, location: 2F
1-2: Strikes out swinging, 2-3 out at first.
Bottom of the 1st over - 0 run(s), 0 hit(s), 0 error(s), 0 left on base; Missouri 0 - North Carolina 0
TOP OF THE 2ND
Missouri Tigers batting - Pitching for North Carolina Tar Heels : RHP Ed Calhoun
Batting: RHB George Mitchell 0-0: Ball
1-0: Ball
2-0: Swinging Strike
2-1: Foul Ball, location: 2F
2-2: Ball
3-2: Strikes out swinging
Batting: RHB Bobby Murdock 0-0: Called Strike
0-1: Called Strike
0-2: Ball
1-2: Ball
2-2: Ball
3-2: Base on Balls
Batting: SHB Eric Pimentel 0-0: Swinging Strike
0-1: 2-RUN HOME RUN (Flyball, 7D), Distance : 350 ft
Batting: RHB Rob Smith 0-0: Ball
1-0: Ball
2-0: Swinging Strike
2-1: Swinging Strike
2-2: Ball
3-2: SINGLE (Line Drive, 4MD)
Batting: RHB Wilford Shaw 0-0: Foul Ball, location: 2F
0-1: Swinging Strike
0-2: Strikes out swinging
Batting: RHB Ken Uttley 0-0: Called Strike
0-1: Fly out, F9 (Flyball, 9LM)
Top of the 2nd over - 2 run(s), 2 hit(s), 0 error(s), 1 left on base; Missouri 2 - North Carolina 0
BOTTOM OF THE 2ND
North Carolina Tar Heels batting - Pitching for Missouri Tigers : RHP Rod Day
Batting: RHB Russell Thomas 0-0: Ball
1-0: Foul Ball, location: 2F
1-1: Ball
2-1: Ground out 5-3 (Groundball, 5S)
Batting: LHB Dan Hamilton 0-0: Called Strike
0-1: Ball
1-1: Foul Ball, location: 2F
1-2: Ball
2-2: Strikes out swinging
Batting: RHB Miguel Mendoza 0-0: Swinging Strike
0-1: Foul Ball, location: 2F
0-2: Strikes out swinging
Bottom of the 2nd over - 0 run(s), 0 hit(s), 0 error(s), 0 left on base; Missouri 2 - North Carolina 0
TOP OF THE 3RD
Missouri Tigers batting - Pitching for North Carolina Tar Heels : RHP Ed Calhoun
Batting: LHB Neil Rodríguez 0-0: Called Strike
0-1: Foul Ball, location: 2F
0-2: Ball
1-2: Strikes out swinging
Batting: LHB Jim Wallace 0-0: Ground out 6-3 (Groundball, 6)
Batting: RHB José González 0-0: Called Strike
0-1: Called Strike
0-2: Ball
1-2: Foul Ball, location: 2F
1-2: Ball
2-2: Foul Ball, location: 2F
2-2: Ball
3-2: Strikes out looking
Top of the 3rd over - 0 run(s), 0 hit(s), 0 error(s), 0 left on base; Missouri 2 - North Carolina 0
BOTTOM OF THE 3RD
North Carolina Tar Heels batting - Pitching for Missouri Tigers : RHP Rod Day
Batting: SHB Richard Griffin 0-0: Called Strike
0-1: Foul Ball, location: 2F
0-2: Fly out, F7 (Flyball, 78M)
Batting: LHB Dan Chandler 0-0: Ball
1-0: Fly out, F7 (Flyball, 78M)
Batting: LHB Owen Moreno 0-0: Ball
1-0: Ball
2-0: SINGLE (Line Drive, 78M)
Batting: RHB Mike Shelton 0-0: Ball
1-0: Ball
2-0: Called Strike
2-1: Ball
3-1: Swinging Strike
3-2: Strikes out swinging
Bottom of the 3rd over - 0 run(s), 1 hit(s), 0 error(s), 1 left on base; Missouri 2 - North Carolina 0
TOP OF THE 4TH
Missouri Tigers batting - Pitching for North Carolina Tar Heels : RHP Ed Calhoun
Batting: RHB George Mitchell 0-0: Foul Ball, location: 2F
0-1: Swinging Strike
0-2: Strikes out looking
Batting: RHB Bobby Murdock 0-0: Foul Ball, location: 2F
0-1: Foul Ball, location: 2F
0-2: Ball
1-2: Foul Ball, location: 2F
1-2: Reached on error, E2 (Groundball, 2R)
Batting: SHB Eric Pimentel 0-0: Called Strike
0-1: Ball
1-1: Foul Ball, location: 2F
1-2: Ball
2-2: 2-RUN HOME RUN (Flyball, 78XD), Distance : 390 ft
Batting: RHB Rob Smith 0-0: Ball
1-0: Ball
2-0: Ball
3-0: Foul Ball, location: 2F
3-1: Base on Balls
Batting: RHB Wilford Shaw Pickoff Throw to First - Out!
0-0: Hit by Pitch
Batting: RHB Ken Uttley 0-0: Called Strike
Wilford Shaw steals 2nd base
0-1: SINGLE (Line Drive, 56)
Wilford Shaw to third
Runner from 3rd tries for Home, SAFE, no throw or cutoff
Batting: LHB Neil Rodríguez 0-0: Called Strike
0-1: Ball
1-1: Foul Ball, location: 2F
1-2: Strikes out swinging
Top of the 4th over - 3 run(s), 2 hit(s), 1 error(s), 1 left on base; Missouri 5 - North Carolina 0
BOTTOM OF THE 4TH
North Carolina Tar Heels batting - Pitching for Missouri Tigers : RHP Rod Day
Batting: LHB Cliff David 0-0: Ball
1-0: Foul Ball, location: 2F
1-1: Foul Ball, location: 2F
1-2: Ball
2-2: Strikes out swinging
Batting: LHB Vaughn Carter 0-0: Called Strike
0-1: SINGLE (Groundball, 4MD)
Batting: RHB Russell Thomas 0-0: Foul Ball, location: 2F
0-1: Foul Ball, location: 2F
0-2: Strikes out swinging
Batting: LHB Dan Hamilton 0-0: Ground out 1-3 (Groundball, 15)
Bottom of the 4th over - 0 run(s), 1 hit(s), 0 error(s), 1 left on base; Missouri 5 - North Carolina 0
TOP OF THE 5TH
Missouri Tigers batting - Pitching for North Carolina Tar Heels : RHP Ed Calhoun
Pitching: LHP Roger Sutherland
Batting: LHB Jim Wallace 0-0: Swinging Strike
0-1: Fly out, F7 (Flyball, 7M)
Batting: RHB José González 0-0: Ground out 5-3 (Groundball, 5S)
Batting: RHB George Mitchell 0-0: Ground out 6-3 (Groundball, 6M)
Top of the 5th over - 0 run(s), 0 hit(s), 0 error(s), 0 left on base; Missouri 5 - North Carolina 0
BOTTOM OF THE 5TH
North Carolina Tar Heels batting - Pitching for Missouri Tigers : RHP Rod Day
Batting: RHB Miguel Mendoza 0-0: Ground out 1-3 (Groundball, 15S)
Batting: SHB Richard Griffin 0-0: Ball
1-0: Foul Ball, location: 2F
1-1: Swinging Strike
1-2: Strikes out swinging
Batting: LHB Dan Chandler 0-0: Ball
1-0: Fly out, F7 (Flyball, 7M)
Bottom of the 5th over - 0 run(s), 0 hit(s), 0 error(s), 0 left on base; Missouri 5 - North Carolina 0
TOP OF THE 6TH
Missouri Tigers batting - Pitching for North Carolina Tar Heels : LHP Roger Sutherland
Batting: RHB Bobby Murdock 0-0: Ball
1-0: Ball
2-0: Ball
3-0: Base on Balls
Batting: SHB Eric Pimentel 0-0: Foul Ball, location: 2F
0-1: Ball
1-1: Foul Ball, location: 2F
1-2: Foul Ball, location: 2F
1-2: Ball
2-2: Foul Ball, location: 2F
2-2: Ball
3-2: Base on Balls
Bobby Murdock to second
Batting: RHB Rob Smith 0-0: Called Strike
0-1: Called Strike
0-2: Ball
1-2: Ball
2-2: Ball
3-2: Ground out 3-1 (Groundball, 34)
Bobby Murdock to third
Eric Pimentel to second
Batting: RHB Wilford Shaw 0-0: SINGLE (Line Drive, 5D)
Bobby Murdock scores
Eric Pimentel to third
Runner from 3rd tries for Home, SAFE, no throw or cutoff
Batting: RHB Ken Uttley 0-0: Ball
1-0: Ball
2-0: Fly out, F4 (Popup, 34D)
Batting: LHB Neil Rodríguez 0-0: Called Strike
0-1: Ball
1-1: Swinging Strike
1-2: Foul Ball, location: 2F
1-2: Strikes out swinging
Top of the 6th over - 2 run(s), 1 hit(s), 0 error(s), 1 left on base; Missouri 7 - North Carolina 0
BOTTOM OF THE 6TH
North Carolina Tar Heels batting - Pitching for Missouri Tigers : RHP Rod Day
Batting: LHB Owen Moreno 0-0: Ball
1-0: Called Strike
1-1: Ball
2-1: Foul Ball, location: 2F
2-2: Ground out 6-3 (Groundball, 6)
Batting: RHB Mike Shelton 0-0: Ball
1-0: Ground out 4-3 (Groundball, 4)
Batting: LHB Cliff David 0-0: Called Strike
0-1: Ground out 1-3 (Groundball, 15)
Bottom of the 6th over - 0 run(s), 0 hit(s), 0 error(s), 0 left on base; Missouri 7 - North Carolina 0
TOP OF THE 7TH
Missouri Tigers batting - Pitching for North Carolina Tar Heels : LHP Roger Sutherland
Batting: LHB Jim Wallace 0-0: Ball
1-0: Ball
2-0: Called Strike
2-1: Swinging Strike
2-2: Strikes out swinging
Pitching: RHP Juan Serrano
Batting: RHB José González 0-0: Called Strike
0-1: SOLO HOME RUN (Flyball, 7D), Distance : 349 ft
Batting: RHB George Mitchell 0-0: Called Strike
0-1: Called Strike
0-2: Strikes out looking
Batting: RHB Bobby Murdock 0-0: Ball
1-0: Ball
2-0: Foul Ball, location: 2F
2-1: Swinging Strike
2-2: Ball
3-2: Base on Balls
Batting: SHB Eric Pimentel 0-0: Ball
1-0: Called Strike
1-1: Foul Ball, location: 2F
1-2: Fielders Choice at 2nd, U6 (Groundball, 6M)
Top of the 7th over - 1 run(s), 1 hit(s), 0 error(s), 1 left on base; Missouri 8 - North Carolina 0
BOTTOM OF THE 7TH
North Carolina Tar Heels batting - Pitching for Missouri Tigers : RHP Rod Day
Batting: LHB Vaughn Carter 0-0: Called Strike
0-1: Ball
1-1: Foul Ball, location: 2F
1-2: DOUBLE (Groundball, 3L)
Batting: RHB Russell Thomas 0-0: Ground out 6-3 (Groundball, 6)
Batting: LHB Dan Hamilton 0-0: Called Strike
0-1: SINGLE (Flyball, 7S)
Vaughn Carter to third
Runner from 3rd tries for Home, SAFE, throw made home
Dan Hamilton to second
Batting: RHB Miguel Mendoza 0-0: Called Strike
0-1: Foul Ball, location: 2F
0-2: Foul Ball, location: 2F
0-2: Strikes out swinging
Batting: SHB Richard Griffin 0-0: Ball
1-0: Ground out 1-3 (Groundball, 23)
Bottom of the 7th over - 1 run(s), 2 hit(s), 0 error(s), 1 left on base; Missouri 8 - North Carolina 1
TOP OF THE 8TH
Missouri Tigers batting - Pitching for North Carolina Tar Heels : RHP Juan Serrano
Batting: RHB Rob Smith 0-0: Ball
1-0: Ball
2-0: Swinging Strike
2-1: Ball
3-1: Called Strike
3-2: Foul Ball, location: 2F
3-2: Strikes out looking
Batting: RHB Wilford Shaw 0-0: Foul Ball, location: 2F
0-1: Ball
1-1: Ball
2-1: Ball
3-1: Base on Balls
Batting: RHB Ken Uttley 0-0: Called Strike
0-1: Ball
1-1: Fielders Choice at 2nd, 1-6 (Groundball, 13S)
Batting: LHB Neil Rodríguez 0-0: Called Strike
0-1: Fly out, F4 (Popup, 8LS)
Top of the 8th over - 0 run(s), 0 hit(s), 0 error(s), 1 left on base; Missouri 8 - North Carolina 1
BOTTOM OF THE 8TH
North Carolina Tar Heels batting - Pitching for Missouri Tigers : RHP Rod Day
Pitching: RHP Chris Webster
Now at 2B: Nick Webber
Batting: LHB Dan Chandler 0-0: Ball
1-0: Swinging Strike
1-1: SINGLE (Groundball, 34D)
Batting: LHB Owen Moreno 0-0: Ball
1-0: SINGLE (Line Drive, 89S)
Dan Chandler to second
Batting: RHB Mike Shelton 0-0: Ball
1-0: Foul Ball, location: 2F
1-1: Fly out, F9 (Flyball, 89M)
Batting: LHB Cliff David 0-0: Ball
1-0: Ball
2-0: Ball
3-0: Called Strike
3-1: Base on Balls
Dan Chandler to third
Owen Moreno to second
Batting: LHB Vaughn Carter 0-0: Ball
Wild Pitch!
Dan Chandler scores
Owen Moreno to third
Cliff David to second
1-0: Ball
2-0: SINGLE (Line Drive, 8RS)
Owen Moreno scores
Cliff David to third
Batting: RHB Russell Thomas 0-0: Ball
1-0: Swinging Strike
1-1: Ball
2-1: Ball
3-1: Base on Balls
Vaughn Carter to second
Batting: LHB Dan Hamilton 0-0: Ball
1-0: Fly out, F9 (Line Drive, 9M)
Runner from 3rd tags up, SCORES, throw made
Pitching: RHP Johnny Jones
Batting: RHB Miguel Mendoza 0-0: Ball
1-0: Foul Ball, location: 2F
1-1: Ground out 4-3 (Groundball, 4)
Bottom of the 8th over - 3 run(s), 3 hit(s), 0 error(s), 2 left on base; Missouri 8 - North Carolina 4
TOP OF THE 9TH
Missouri Tigers batting - Pitching for North Carolina Tar Heels : RHP Juan Serrano
Batting: LHB Jim Wallace 0-0: Ball
1-0: Called Strike
1-1: Foul Ball, location: 2F
1-2: Strikes out swinging
Batting: RHB José González 0-0: Ball
1-0: Swinging Strike
1-1: Ground out 6-3 (Groundball, 6)
Batting: RHB George Mitchell 0-0: Called Strike
0-1: Foul Ball, location: 2F
0-2: Ball
1-2: Ball
2-2: Foul Ball, location: 2F
2-2: Strikes out swinging
Top of the 9th over - 0 run(s), 0 hit(s), 0 error(s), 0 left on base; Missouri 8 - North Carolina 4
BOTTOM OF THE 9TH
North Carolina Tar Heels batting - Pitching for Missouri Tigers : RHP Johnny Jones
Batting: SHB Richard Griffin 0-0: Ball
1-0: Foul Ball, location: 2F
1-1: Ball
2-1: Ball
3-1: Ground out 4-3 (Groundball, 4)
Batting: LHB Dan Chandler 0-0: Called Strike
0-1: Ball
1-1: Ball
2-1: Foul Ball, location: 2F
2-2: Ball
3-2: Base on Balls
Batting: LHB Owen Moreno 0-0: Ground out 3-1 (Groundball, 34S)
Dan Chandler to second
Batting: RHB Mike Shelton 0-0: Called Strike
0-1: Ball
Wild Pitch!
Dan Chandler to third
1-1: Ball
2-1: Foul Ball, location: 2F
2-2: Fly out, F9 (Flyball, 9M)
Bottom of the 9th over - 0 run(s), 0 hit(s), 0 error(s), 1 left on base; Missouri 8 - North Carolina 4
This league is powered by Out of the Park Baseball, the baseball management simulation game for PC, Mac and Linux
Wednesday, December 2nd, 2015 - OOTP Baseball 16.8 Build 38